 Dungeon Crawl Stone Soup version 0.31-a0-949-g57150269e1 (webtiles) character file.

Game seed: 4272626777139458197

350341 Pokonic1 the Cryomancer (level 20, -3/161 HPs)
             Began as a Demonspawn Ice Elementalist on Oct 22, 2023.
             Was the Champion of Vehumet.
             Shot with an arrow by a centaur warrior (20 damage)
             ... on level 1 of the Vaults.
             The game lasted 03:33:14 (37988 turns).

Pokonic1 the Cryomancer (DsIE)                     Turns: 37988, Time: 03:33:14

Health: -3/161     AC: 19    Str:  9    XL:     20   Next: 91%
Magic:  62/62      EV: 12    Int: 40    God:    Vehumet [******]
Gold:   2989       SH:  0    Dex: 12    Spells: 22/57 levels left

rFire   + + +        T - +3 Elemental Staff {ele, rElec rF+ rC+ AC+3}
rCold   + + +        V - crystal ball of Wucad Mu {*channel}
rNeg    + . .        a - +2 robe
rPois   .            K - +3 hat of Pondering {ponderous, Will+ MP+10 Int+5}
rElec   +            S - scarf of the Evening {repulsion, rF+ rC+++ Dex-4 Stlth+}
rCorr   +            (gloves unavailable)
SInv    +            X - +2 pair of boots {Stlth+}
Will    ++...        D - amulet of Xom's Approval {RegenMP rN+ rCorr}
Stlth   +++++        p - ring of the Voivode {*Slow Str+2 Int+6 Slay+2 SInv}
HPRegen 0.46/turn    k - ring "Tishol" {*Slow rCorr MP+9 Int+6 SInv}
MPRegen 0.78/turn

%: slow self (2%), repel missiles, clarity, channel magic (40%)
@: slowed, very slow
A: molten scales 3, demonic guardian 3, spiny 2, augmentation 2, demonic touch
3, horns 1, camouflage 1, clarity, weak 1
}: 3/15 runes: serpentine, barnacled, slimy
a: Renounce Religion


You were on level 1 of the Vaults.
You worshipped Vehumet.
Vehumet was exalted by your worship.
You visited 10 branches of the dungeon, and saw 42 of its levels.
You also visited: Trove and Bailey.

You collected 5714 gold pieces.
You spent 2725 gold pieces at shops.

Inventory:

Hand Weapons
 P - the +16 obsidian axe {drain, demonic, Mesm Drain Fly SInv}
   (You took it off a deep elf death mage on level 3 of the Elven Halls)

   Mesm:      Its wielder is mesmerised by any visible foes, and it cannot be
   unequipped while any foes are visible.
   SInv:      It lets you see invisible.
   Fly:       It grants you flight.
   Drain:     It drains your maximum health when unequipped.
 T - the +3 Elemental Staff (weapon) {ele, rElec rF+ rC+ AC+3}
   (You bought it in a shop on level 2 of the Orcish Mines)

   AC+3:      It affects your AC (+3).
   rF+:       It protects you from fire.
   rC+:       It protects you from cold.
   rElec:     It insulates you from electricity.
Armour
 a - a +2 robe (worn)
 f - the +5 Storm Queen's Shield {shock, Fly rElec}
   (You acquired it on level 7 of the Dungeon)

   Shock:     When it blocks an attack, it may electrocute the attacker.
   This works even against foes who are a short distance away.
   rElec:     It insulates you from electricity.
   Fly:       It grants you flight.
 J - the +1 pair of boots "Oniepucs" {rC- rN+ rCorr}
   (You found it in a treasure trove)

   rC-:       It makes you vulnerable to cold.
   rN+:       It protects you from negative energy.
   rCorr:     It protects you from acid and corrosion.
 K - the +3 hat of Pondering (worn) {ponderous, Will+ MP+10 Int+5}
   (You took it off Gastronok on level 10 of the Dungeon)

   Int+5:     It affects your intelligence (+5).
   Will+:     It increases your willpower.
   MP+10:     It affects your magic capacity (+10).
 S - the scarf of the Evening (worn) {repulsion, rF+ rC+++ Dex-4 Stlth+}
   (You acquired it on level 3 of the Lair of Beasts)

   Dex-4:     It affects your dexterity (-4).
   rF+:       It protects you from fire.
   rC+++:     It renders you almost immune to cold.
   Stlth+:    It makes you more stealthy.
 V - the crystal ball of Wucad Mu (worn) {*channel}
   (You found it in a treasure trove)

   *Channel:  It often returns the magic spent to cast spells, but lowers their
   success rate.
   It always returns the magic spent on miscasts.
 X - a +2 pair of boots of stealth (worn)
Jewellery
 d - the ring of the Tortoise {AC+8}
   (You found it on level 4 of the Shoals)

   [ring of protection]

   AC+8:      It affects your AC (+8).
 k - the ring "Tishol" (right hand) {*Slow rCorr MP+9 Int+6 SInv}
   (You bought it in a shop on level 4 of the Dungeon)

   [ring of magical power]

   Int+6:     It affects your intelligence (+6).
   MP+9:      It affects your magic capacity (+9).
   SInv:      It lets you see invisible.
   rCorr:     It protects you from acid and corrosion.
   *Slow:     It may slow you when you take damage.
 p - the ring of the Voivode (left hand) {*Slow Str+2 Int+6 Slay+2 SInv}
   (You bought it in a shop on level 2 of the Elven Halls)

   [ring of intelligence]

   Str+2:     It affects your strength (+2).
   Int+6:     It affects your intelligence (+6).
   Slay+2:    It affects your accuracy & damage with ranged weapons and melee
   (+2).
   SInv:      It lets you see invisible.
   *Slow:     It may slow you when you take damage.
 x - the ring of Goisy {Wiz Str+3}
   (You found it in a treasure trove)

   [ring of wizardry]

   Wiz:       It improves your spell success rate.
   Str+3:     It affects your strength (+3).
 D - the amulet of Xom's Approval (around neck) {RegenMP rN+ rCorr}
   (You found it on level 6 of the Dungeon)

   [amulet of magic regeneration]

   RegenMP:   It increases your rate of magic regeneration.
   rN+:       It protects you from negative energy.
   rCorr:     It protects you from acid and corrosion.
Wands
 e - a wand of quicksilver (37)
 g - a wand of roots (43)
 o - a wand of mindburst (24)
 G - a wand of polymorph (23)
 I - a wand of flame (78)
 M - a wand of paralysis (53)
Scrolls
 c - 7 scrolls of fog
 i - 5 scrolls of amnesia
 j - a scroll of silence
 n - 7 scrolls of immolation
 r - 3 scrolls of torment
 t - 3 scrolls of brand weapon
 y - 2 scrolls of butterflies
 z - 5 scrolls of noise
 B - 2 scrolls of poison
 C - 10 scrolls of enchant armour
 E - 5 scrolls of vulnerability
 H - 5 scrolls of revelation
 N - 7 scrolls of teleportation
 Q - 5 scrolls of fear
 W - 3 scrolls of enchant weapon
Potions
 b - 5 potions of magic
 h - 5 potions of cancellation
 l - 3 potions of haste
 m - 7 potions of might
 q - 3 potions of invisibility
 s - 6 potions of degeneration
 u - 6 potions of enlightenment
 v - 2 potions of mutation
 w - 2 potions of resistance
 A - 4 potions of curing
 F - 8 potions of brilliance
 L - 4 potions of attraction
 O - 7 potions of lignification
 U - 3 potions of ambrosia
 Y - 2 potions of berserk rage
 Z - 2 potions of heal wounds
Miscellaneous
 R - a phantom mirror


   Skills:
 - Level 14.8 Fighting
 - Level 16.4 Armour
 - Level 1.8 Dodging
 - Level 1.8 Stealth
 + Level 19.2 Spellcasting
 * Level 2.9 Conjurations
 - Level 21.5 Ice Magic
 - Level 10.0 Evocations


You had 22 spell levels left.
You knew the following spells:

 Your Spells              Type           Power      Damage    Failure   Level
a - Freeze                Ice            100%       1d10      1%          1
b - Frozen Ramparts       Ice            100%       1d16      1%          3
c - Freezing Cloud        Conj/Ice/Air   62%        6-21      1%          5
d - Ozocubu's Refrigerat  Ice            71%        4d23      1%          7
e - Polar Vortex          Ice            71%        12d9*     7%          9
f - Flame Wave            Conj/Fire      66%        2d15      3%          4
g - Plasma Beam           Fire/Air       36%        2x1d49    41%         6

Your spell library contained the following spells:

 Spells                   Type           Power      Damage    Failure   Level
 Ignition                 Fire           27%        3d9       100%        8
 Chain Lightning          Conj/Air       33%        3d44      100%        9
 Foxfire                  Conj/Fire      100%       2x1d9     1%          1
 Magic Dart               Conj           100%       1d8       1%          1
 Momentum Strike          Conj/Tloc      100%       3d10      1%          2
 Poisonous Vapours        Pois/Air       100%       N/A       1%          2
 Scorch                   Fire           100%       2d9       1%          2
 Dazzling Flash           Conj/Hex       100%       N/A       1%          3
 Mephitic Cloud           Conj/Pois/Air  62%        N/A       1%          3
 Ozocubu's Armour         Ice            100%       N/A       1%          3
 Summon Ice Beast         Ice/Summ       100%       N/A       1%          4
 Inner Flame              Hex/Fire       55%        N/A       2%          3
 Metabolic Englaciation   Hex/Ice        56%        N/A       2%          5
 Sticky Flame             Conj/Fire      66%        2d8       3%          4
 Apportation              Tloc           76%        N/A       4%          1
 Sting                    Tmut/Pois      100%       1d8       4%          1
 Summon Small Mammal      Summ           100%       N/A       4%          1
 Blink                    Tloc           76%        N/A       5%          2
 Call Imp                 Summ           76%        N/A       5%          2
 Cigotuvi's Dreadful Rot  Necr/Pois/Air  100%       N/A       5%          2
 Jinxbite                 Hex            76%        N/A       5%          2
 Lesser Beckoning         Tloc           76%        N/A       5%          2
 Sublimation of Blood     Necr           38%        N/A       5%          2
 Wereblood                Tmut           38%        N/A       5%          2
 Olgreb's Toxic Radiance  Pois           38%        N/A       5%          4
 Simulacrum               Ice/Necr       56%        N/A       6%          6
 Arcjolt                  Conj/Air       33%        1d43      7%          5
 Irradiate                Conj/Tmut      25%        3d20      7%          5
 Call Canine Familiar     Summ           38%        N/A       8%          3
 Gell's Gravitas          Tloc           38%        N/A       8%          3
 Sigil of Binding         Hex            38%        N/A       8%          3
 Summon Guardian Golem    Hex/Summ       38%        N/A       8%          3
 Tukima's Dance           Hex            38%        N/A       8%          3
 Lee's Rapid Deconstruct  Erth           27%        3d15*     11%         5
 Yara's Violent Unravell  Hex/Tmut       19%        3d9       11%         5
 Animate Armour           Summ/Erth      100%       N/A       19%         4
 Dimensional Bullseye     Hex/Tloc       19%        N/A       19%         4
 Dispel Undead            Necr           38%        3d16      19%         4
 Leda's Liquefaction      Hex/Erth       27%        N/A       19%         4
 Passage of Golubria      Tloc           38%        N/A       19%         4
 Petrify                  Tmut/Erth      55%        N/A       19%         4
 Summon Lightning Spire   Summ/Air       55%        N/A       19%         4
 Vhi's Electric Charge    Tloc/Air       100%       N/A       19%         4
 Starburst                Conj/Fire      33%        6d10      26%         6
 Alistair's Intoxication  Tmut/Pois      25%        N/A       38%         5
 Borgnjor's Vile Clutch   Necr/Erth      27%        N/A       38%         5
 Summon Mana Viper        Hex/Summ       38%        N/A       38%         5
 Eringya's Noxious Bog    Tmut/Pois      19%        4d6       41%         6
 Orb of Destruction       Conj           29%        9d9       54%         7
 Spellforged Servitor     Conj/Summ      25%        N/A       73%         7
 Death Channel            Necr           19%        N/A       87%         6
 Summon Cactus Giant      Summ           19%        N/A       87%         6
 Enfeeble                 Hex            19%        N/A       100%        7
 Summon Hydra             Summ           19%        N/A       100%        7


Dungeon Overview and Level Annotations

Branches:
Dungeon (15/15)            Temple (1/1) D:4            Lair (5/5) D:8
 Shoals (4/4) Lair:2        Snake (4/4) Lair:3        Slime (5/5) Lair:5
    Orc (2/2) D:9             Elf (3/3) Orc:2        Vaults (1/5) D:14
 Depths (2/4) D:15         Bailey (visited)

Altars:
Ashenzari
Cheibriados
Dithmenos
Fedhas
Gozag
Hepliaklqana
Kikubaaqudgha
Makhleb
Nemelex Xobeh
Okawaru
Qazlal
Ru
Sif Muna
Trog
Uskayaw
Vehumet
Wu Jian
Xom
Yredelemnul
Jiyva

Shops:
D:4 *   D:6 =   D:10 !   D:13 ?   D:15 (   Orc:2 *[(=   Elf:2 =::
Shoals:3 *!*   Snake:1 *   Snake:3 (!(   Depths:2 *

Portals:
Hell: Depths:1 Depths:2
Abyss: Depths:2
Ziggurat: Depths:1

Annotations:
D:13 1 transporter
Snake:4 2 transporters, Sopaerr's ghost, journeyman MiBe


Innate Abilities, Weirdness & Mutations

You are completely covered in molten scales. (AC +4, rF+)
A powerful demonic guardian rushes to your aid.
You are mostly covered in sharp spines.
Your magical and physical power is enhanced at high health.
Your touch may irresistibly damage your foes and sap their willpower.
You have a pair of small horns on your head.
Your skin changes colour to match your surroundings (Stealth+).
You possess an exceptional clarity of mind.
You are weak. (Str -2)


Message History

The ice encasing you melts away. The winds around you calm down.
The ironbound convoker barely misses you.
Your Hell Sentinel barely misses the ironbound convoker.
Your Hell Sentinel hits the ironbound convoker.
The deep troll bites your Hell Sentinel but does no damage.
The deep troll claws your Hell Sentinel but does no damage. x2
The ironbound convoker closely misses you.
Your Hell Sentinel hits the ironbound convoker!!
Your Hell Sentinel hits the ironbound convoker.
Casting: Polar Vortex (dangerous; 7% risk of failure)
Confirm with . or Enter, or press ? or * to list all spells.
You feel a surge of power!
The heat is drained from your surroundings.
The ironbound preserver is moderately wounded.
The deep troll is severely wounded.
The ironbound convoker is almost dead.
Magical energy flows into your mind!
The deep troll bites your Hell Sentinel!
The deep troll claws your Hell Sentinel!
The deep troll claws your Hell Sentinel.
The ironbound convoker hits you with a +0 flail!!
* * * LOW HITPOINT WARNING * * *
Your Hell Sentinel hits the ironbound convoker!
The ironbound convoker dies!
Vehumet accepts your kill.
A centaur warrior comes into view.
The deep troll barely misses your Hell Sentinel.
The deep troll claws your Hell Sentinel.
The deep troll claws your Hell Sentinel but does no damage.
You feel better.
The centaur warrior wields a +0 shortbow of flaming.
It bursts into flame!
The centaur warrior shoots an arrow.
The arrow hits you.
* * * LOW HITPOINT WARNING * * *
Your Hell Sentinel hits the deep troll!
Your Hell Sentinel hits the deep troll!!
The deep troll dies!
Vehumet accepts your kill.
The centaur warrior shoots an arrow.
The arrow hits you!!
You die...

.......................#
.......................#
.....#############.....#
.....#..... .....#...^.#
.....#....# ....#.[...#
.....#...##.# ...#...).#
##...#.. #... ..#...[.#
.###.#.##.....##.+....†#
p..###...c......@#.....#
H2..p'.##.....##)#.....#
...###..##.. ##.1#.....#
.###.#...## ##p..#.....#
##...#..T.###p.).#.....#
.....#..pp.......#.....#
.[...#############.....#
.......................#
...:...................#


You could see an ironbound preserver, an ironbound frostheart (strong), a
centaur warrior and a friendly Hell Sentinel (summoned).

Vanquished Creatures
  Dissolution (Slime:4)
  the Royal Jelly (Slime:5)
  A juggernaut (Depths:2)
  Vashnia (Snake:4)
  2 tentacled monstrosities
  2 deep elf master archers (Elf:3)
  5 deep elf blademasters
  A kraken (Shoals:4)
  14 acid blobs
  Agnes (Snake:4)
  A storm dragon (Depths:2)
  Kirke (Snake:4)
  4 nagarajas
  2 fire giants
  Aizul (Snake:2)
  9 azure jellies
  Ilsuiw (Shoals:3)
  14 rockslimes
  3 deep elf elementalists (Elf:3)
  2 deep elf sorcerers (Elf:3)
  2 iron dragons
  4 frost giants
  A balrug (Depths:2)
  The ghost of Bekk the Carver, a journeyman DsCK of Xom (Snake:1)
  12 quicksilver oozes
  2 ironbound preservers (Vaults:1)
  3 formless jellyfish
  7 stone giants
  An ironbound thunderhulk (Vaults:1)
  7 deep elf demonologists
  3 spark wasps
  A deep elf annihilator (Elf:3)
  6 merfolk javelineers
  3 deep elf death magi (Elf:3)
  5 ettins
  A quicksilver dragon zombie (D:15)
  Harold (Lair:1)
  2 fire dragons
  6 merfolk impalers
  7 vault guards (D:14)
  3 ice dragons
  A great orb of eyes (Slime:3)
  5 hydras
  2 ironbound frosthearts (Vaults:1)
  2 salamander tyrants (Snake:4)
  A spriggan air mage (Depths:2)
  5 two-headed ogres
  A merfolk avatar (Shoals:2)
  3 centaur warriors
  8 anacondas
  4 merfolk aquamancers
  3 satyrs (Shoals:4)
  26 dancing weapons
  2 deep troll shamans (Depths:2)
  2 deep troll earth magi (Depths:1)
  3 tengu warriors
  15 naga warriors
  4 orc high priests (Orc:2)
  A sphinx skeleton (D:15)
  8 death yaks (Lair:5)
  2 vampire magi
  8 shock serpents
  An occultist (Depths:2)
  15 naga sharpshooters
  4 sun demons
  2 skysharks
  19 deep elf knights
  Amaemon (Lair:1)
  An iron troll (Depths:2)
  9 skeletal warriors (D:15)
  A storm dragon skeleton (D:15)
  11 sea snakes
  A flayed ghost (Depths:2)
  4 salamander mystics
  11 deep elf archers
  15 deep trolls
  A swamp dragon (Lair:5)
  9 naga ritualists
  25 deep elf zephyrmancers
  A necromancer (D:15)
  2 lindwurms (Lair:5)
  32 deep elf pyromancers
  5 orc knights
  18 harpies
  12 mana vipers
  2 wolf spiders (Lair:5)
  5 ugly things
  6 salamanders
  5 orc sorcerers (Orc:2)
  8 cyclopes
  4 shining eyes
  3 fauns (Shoals:1)
  12 manticores
  46 black mambas
  9 merfolk sirens
  3 guardian serpents
  3 elephants
  6 water nymphs
  15 naga magi
  3 eyes of devastation
  2 torpor snails (Lair:5)
  12 cane toads
  An unseen horror (D:12)
  Psyche (D:12)
  An orange demon (Lair:1)
  4 rime drakes (Lair:5)
  6 komodo dragons
  3 efreet
  3 trolls
  A merfolk (shapeshifter) (D:14)
  21 merfolk
  3 polar bears
  5 wind drakes
  A hornet (D:10)
  4 glass eyes
  18 blink frogs
  5 snapping turtles
  10 dream sheep
  Sigmund (D:6)
  76 slime creatures
  A vampire (D:13)
  A spriggan (Lair:3)
  An air elemental (Elf:3)
  3 hogs (Snake:4)
  4 wyverns
  3 fire elementals
  14 water elementals
  46 yaks
  3 wraiths
  2 steam dragons (Lair:5)
  8 basilisks
  A hog (shapeshifter) (D:15)
  3 wargs
  Edmund (D:6)
  An acid dragon (Lair:5)
  56 nagas
  17 water moccasins
  An ice beast (D:7)
  52 orc warriors
  2 swamp drakes (Lair:5)
  A sky beast (D:4)
  6 black bears
  20 wolves
  6 boggarts
  11 ogres
  4 centaurs
  A phantom (D:5)
  6 kobold brigands
  13 bullfrogs
  7 scorpions
  2 gnoll sergeants
  5 earth elementals
  9 wights
  5 killer bees (D:11)
  A howler monkey (D:9)
  6 hounds
  A jelly (D:5)
  3 gnoll boudas
  25 orc priests
  5 iguanas
  17 orc wizards
  13 hell rats
  26 gnolls
  10 adders
  A shadow imp (D:5)
  2 worms
  2 dart slugs
  94 orcs
  5 ball pythons
  10 endoplasms
  5 giant cockroaches
  6 goblins
  5 hobgoblins
  3 quokkas (D:1)
  9 bats
  4 frilled lizards
  34 kobolds
  A rat (D:3)
  3 tentacles (Shoals:4)
1366 creatures vanquished.

Vanquished Creatures (collateral kills)
  A sphinx (Depths:2)
  Gastronok (D:10)
  A frost giant (Shoals:4)
  A slime creature (Vaults:1)
  An orc warlord (Orc:2)
  A spark wasp (Depths:1)
  An ettin (Depths:1)
  A merfolk javelineer (Shoals:1)
  An anaconda (Snake:1)
  An orc high priest (Orc:2)
  4 shock serpents
  3 death yaks (Lair:5)
  A sea snake (Shoals:4)
  A deep troll (Vaults:1)
  An orc knight (Bailey)
  An ironbound convoker (Vaults:1)
  A naga mage (Snake:1)
  A black mamba (Snake:1)
  A troll (Orc:2)
  A polar bear (Lair:4)
  12 yaks
  A naga (Snake:3)
  5 orc warriors
  A kobold brigand (D:9)
  A wight (D:9)
  4 orc priests (Orc:2)
  4 gnolls
  5 orcs
  2 kobolds (D:9)
60 creatures vanquished.

Vanquished Creatures (others)
  A black mamba (Snake:4)
  A water elemental (Elf:3)
  A wolf (Lair:5)
  A ball lightning (Elf:3)
  8 tentacles (Shoals:4)
12 creatures vanquished.

Grand Total: 1438 creatures vanquished

Notes
Turn   | Place    | Note
-------+----------+-------------------------------------------
     0 | D:1      | Pokonic1 the Demonspawn Ice Elementalist began the quest
                  | for the Orb.
     0 | D:1      | Reached XP level 1. HP: 13/13 MP: 3/3
   358 | D:1      | Reached skill level 4 in Ice Magic
   383 | D:1      | Gained mutation: Your touch may inflict minor irresistible
                  | damage on your foes. [demonic ancestry]
   383 | D:1      | Reached XP level 2. HP: 19/19 MP: 3/5
  1145 | D:2      | Reached XP level 3. HP: 24/24 MP: 6/6
  1592 | D:3      | Reached skill level 5 in Ice Magic
  1628 | D:3      | Gained mutation: Your touch may inflict irresistible damage
                  | on your foes. [demonic ancestry]
  1628 | D:3      | Reached XP level 4. HP: 30/30 MP: 4/7
  1780 | D:3      | Learned a level 3 spell: Frozen Ramparts
  1792 | D:3      | Reached skill level 1 in Fighting
  2175 | D:3      | Found a stormy altar of Qazlal.
  2480 | D:4      | Noticed a scorpion
  2487 | D:4      | Killed a scorpion
  2488 | D:4      | Gained mutation: You are partially covered in molten
                  | scales. (AC +2) [demonic ancestry]
  2488 | D:4      | Reached XP level 5. HP: 41/41 MP: 0/8
  2548 | D:4      | Noticed an ogre
  2569 | D:3      | Gained mutation: A weak demonic guardian rushes to your
                  | aid. [demonic ancestry]
  2569 | D:3      | Reached XP level 6. HP: 18/48 MP: 5/9
  2843 | D:4      | Found a staircase to the Ecumenical Temple.
  2852 | Temple   | Entered the Ecumenical Temple
  2857 | Temple   | Became a worshipper of Vehumet
  2898 | D:4      | Found Ofal's Assorted Antiques.
  2958 | D:4      | Found a shimmering altar of Xom.
  2973 | D:4      | Reached skill level 5 in Fighting
  3035 | D:4      | Bought a clouded glass ring for 105 gold pieces
  3035 | D:4      | Identified the ring "Tishol" {*Slow rCorr MP+9 Int+6 SInv}
                  | (You bought it in a shop on level 4 of the Dungeon)
  3181 | D:4      | Noticed a sky beast
  3187 | D:4      | Killed a sky beast
  3281 | D:5      | Entered Level 5 of the Dungeon
  3381 | D:5      | Reached XP level 7. HP: 50/57 MP: 10/10
  3397 | D:5      | Reached * piety under Vehumet
  3397 | D:5      | Offered knowledge of Magic Dart by Vehumet.
  4101 | D:6      | Identified the "Kuzuq"
  4158 | D:6      | Reached skill level 5 in Spellcasting
  4188 | D:6      | Gained mutation: A demonic guardian rushes to your aid.
                  | [demonic ancestry]
  4188 | D:6      | Reached XP level 8. HP: 52/64 MP: 16/16
  4330 | D:6      | Noticed Edmund
  4347 | D:6      | Killed Edmund
  4496 | D:6      | Noticed Sigmund
  4505 | D:6      | Killed Sigmund
  4515 | D:6      | Found Buiph's Jewellery Boutique.
  4650 | D:6      | Found a shimmering blue altar of Sif Muna.
  4817 | D:6      | Identified the amulet of Xom's Approval {RegenMP rN+ rCorr}
  5027 | D:7      | Reached ** piety under Vehumet
  5027 | D:7      | Offered knowledge of Foxfire by Vehumet.
  5222 | D:7      | Reached skill level 1 in Armour
  5410 | D:7      | Gained mutation: A powerful demonic guardian rushes to your
                  | aid. [demonic ancestry]
  5410 | D:7      | Reached XP level 9. HP: 42/71 MP: 20/20
  5414 | D:7      | Reached skill level 6 in Ice Magic
  5427 | D:7      | Found a broken altar of Ashenzari.
  5706 | D:7      | Identified a scroll of acquirement
  5707 | D:7      | Acquired the +5 Storm Queen's Shield {shock, Fly rElec}
  5707 | D:7      | Found the +5 Storm Queen's Shield {shock, Fly rElec}
  5955 | D:8      | Found a flagged portal.
  5973 | D:8      | Noticed an elephant
  5986 | Bailey   | Entered a bailey
  6136 | Bailey   | Found a large runed translucent door.
  6136 | Bailey   | Found a large runed translucent door.
  6136 | Bailey   | Noticed an orc knight
  6318 | Bailey   | Reached skill level 7 in Ice Magic
  6352 | Bailey   | Killed an orc knight
  6353 | Bailey   | Gained mutation: You are mostly covered in molten scales.
                  | (AC +3) [demonic ancestry]
  6353 | Bailey   | Reached XP level 10. HP: 70/80 MP: 21/21
  6398 | Bailey   | Noticed a deep elf pyromancer
  6433 | Bailey   | Killed a deep elf pyromancer
  6433 | Bailey   | Offered knowledge of Scorch by Vehumet.
  6434 | Bailey   | Reached skill level 5 in Armour
  6680 | D:8      | Found a staircase to the Lair.
  6706 | D:8      | Killed an elephant
  6801 | D:8      | Reached skill level 8 in Ice Magic
  6828 | D:8      | Found an opulent altar of Gozag.
  6836 | D:8      | Reached *** piety under Vehumet
  7386 | D:9      | Offered knowledge of Brom's Barrelling Boulder by Vehumet.
  7797 | D:9      | Found a staircase to the Orcish Mines.
  7957 | D:10     | Entered Level 10 of the Dungeon
  8037 | D:10     | Reached skill level 10 in Fighting
  8146 | D:10     | Identified the +1 ring mail "Qeac Wec" {Int+4}
  8337 | D:10     | Found a shadowy altar of Dithmenos.
  8337 | D:10     | Found a sparkling altar of Nemelex Xobeh.
  8337 | D:10     | Found a burning altar of Makhleb.
  8405 | D:10     | Gained mutation: You are partially covered in sharp spines.
                  | [demonic ancestry]
  8405 | D:10     | Reached XP level 11. HP: 64/90 MP: 22/22
  8471 | D:10     | Noticed a two-headed ogre
  8477 | D:10     | Killed a two-headed ogre
  8477 | D:10     | Reached **** piety under Vehumet
  8502 | D:10     | Found Ritza's Distillery.
  8503 | D:10     | Noticed Gastronok
  8516 | D:10     | Killed Gastronok
  8543 | D:10     | Bought a potion of heal wounds for 60 gold pieces
  9131 | D:11     | Found a snail-covered altar of Cheibriados.
  9282 | D:11     | Offered knowledge of Olgreb's Toxic Radiance by Vehumet.
  9930 | D:12     | Noticed Psyche
  9933 | D:12     | Killed Psyche
 10196 | D:12     | Noticed a deep elf pyromancer
 10203 | D:12     | Killed a deep elf pyromancer
 10579 | D:13     | Found Asagiato's Magic Scroll Boutique.
 10652 | D:13     | Found a transporter.
 10859 | D:13     | Noticed a centaur warrior
 10871 | D:13     | Gained mutation: Your touch may irresistibly damage your
                  | foes and sap their willpower. [demonic ancestry]
 10871 | D:13     | Reached XP level 12. HP: 50/102 MP: 23/23
 10871 | D:13     | Killed a centaur warrior
 10876 | D:13     | Noticed a centaur warrior
 10887 | D:13     | Killed a centaur warrior
 10888 | D:13     | Reached skill level 10 in Armour
 11059 | D:13     | Learned a level 5 spell: Freezing Cloud
 11140 | D:13     | Found a portal to a secret trove of treasure.
 11809 | D:14     | Found a gate to the Vaults.
 11809 | D:14     | Noticed a vault guard
 11809 | D:14     | Noticed a vault guard
 11809 | D:14     | Noticed a vault guard
 11809 | D:14     | Noticed a vault guard
 11815 | D:14     | Noticed a vault guard
 12156 | Orc:1    | Entered Level 1 of the Orcish Mines
 12168 | Orc:1    | Reached ***** piety under Vehumet
 12169 | Orc:1    | Offered knowledge of Fireball by Vehumet.
 12408 | Orc:2    | Entered Level 2 of the Orcish Mines
 12456 | Orc:2    | Noticed a two-headed ogre
 12466 | Orc:2    | Killed a two-headed ogre
 12514 | Orc:2    | Noticed a two-headed ogre
 12779 | Orc:2    | Killed a two-headed ogre
 12931 | Orc:2    | Offered knowledge of Fulminant Prism by Vehumet.
 13175 | Orc:2    | Noticed a two-headed ogre
 13179 | Orc:2    | Paralysed by an orc sorcerer for 2 turns
 13183 | Orc:2    | Killed a two-headed ogre
 13229 | Orc:2    | Found Sevy's Antique Armour Emporium.
 13423 | Orc:2    | Found Ginehiw's Assorted Antiques.
 13600 | Orc:2    | Noticed an orc high priest
 13607 | Orc:2    | Killed an orc high priest
 13805 | Orc:2    | Reached XP level 13. HP: 103/109 MP: 26/26
 13907 | Orc:2    | Identified the +0 leather armour of Axizxoh {rC- rN+++
                  | Int-2}
 14012 | Orc:2    | Found a staircase to the Elven Halls.
 14170 | Orc:2    | Reached skill level 10 in Spellcasting
 14268 | Orc:2    | Bought the +3 Elemental Staff {ele, rElec rF+ rC+ AC+3} for
                  | 1256 gold pieces
 14268 | Orc:2    | Found the +3 Elemental Staff {ele, rElec rF+ rC+ AC+3}
 14349 | Orc:2    | Gained mutation: You occasionally shout uncontrollably at
                  | your foes. [a neqoxec]
 14355 | Orc:2    | Gained mutation: You occasionally lose the ability to read
                  | scrolls when taking damage. [a neqoxec]
 14646 | Orc:2    | Offered knowledge of Arcjolt by Vehumet.
 14987 | Orc:2    | Noticed an orc warlord
 15197 | Orc:2    | Killed an orc warlord
 15257 | Orc:2    | Reached skill level 9 in Ice Magic
 15443 | Orc:2    | Found Tilo's Jewellery Shoppe.
 15507 | Orc:2    | Found Houlul's Antique Weapon Boutique.
 15831 | Lair:1   | Entered Level 1 of the Lair of Beasts
 15899 | Lair:1   | Reached skill level 1 in Evocations
 16063 | Lair:1   | Noticed Harold
 16066 | Lair:1   | Noticed Amaemon
 16076 | Lair:1   | Killed Amaemon
 16083 | Lair:1   | Killed Harold
 16945 | Lair:2   | Reached skill level 5 in Evocations
 17053 | Lair:2   | Found a staircase to the Shoals.
 17241 | Lair:3   | Offered knowledge of Ozocubu's Refrigeration by Vehumet.
 17250 | Lair:3   | Learned a level 7 spell: Ozocubu's Refrigeration
 17258 | Lair:3   | Gained mutation: You are mostly covered in sharp spines.
                  | [demonic ancestry]
 17258 | Lair:3   | Reached XP level 14. HP: 49/116 MP: 29/29
 17345 | Lair:3   | Acquired the scarf of the Evening {repulsion, rF+ rC+++
                  | Dex-4 Stlth+}
 17380 | Lair:3   | Found a staircase to the Snake Pit.
 17756 | Lair:4   | Reached skill level 10 in Ice Magic
 18471 | Lair:5   | Entered Level 5 of the Lair of Beasts
 18644 | Lair:5   | Reached skill level 11 in Ice Magic
 18725 | Lair:5   | Found a staircase to the Slime Pits.
 18781 | Lair:5   | Reached skill level 12 in Ice Magic
 19372 | Lair:5   | Reached skill level 13 in Ice Magic
 19382 | Lair:5   | Gained mutation: Potions are less effective at restoring
                  | your health. [mutagenic glow]
 19436 | Lair:5   | Lost mutation: Potions are less effective at restoring your
                  | health. [potion of mutation]
 19436 | Lair:5   | Lost mutation: You occasionally shout uncontrollably at
                  | your foes. [potion of mutation]
 19436 | Lair:5   | Gained mutation: You expend magic power (3 MP) to
                  | strengthen your wands. [potion of mutation]
 19437 | Lair:5   | Lost mutation: You expend magic power (3 MP) to strengthen
                  | your wands. [potion of mutation]
 19437 | Lair:5   | Lost mutation: You occasionally lose the ability to read
                  | scrolls when taking damage. [potion of mutation]
 19437 | Lair:5   | Gained mutation: You possess an exceptional clarity of
                  | mind. [potion of mutation]
 19437 | Lair:5   | Gained mutation: You are clumsy. (Dex -2) [potion of
                  | mutation]
 20216 | Lair:5   | Gained mutation: Your magical and physical power is
                  | slightly enhanced at high health. [demonic ancestry]
 20216 | Lair:5   | Reached XP level 15. HP: 95/122 MP: 31/31
 20999 | Snake:1  | Entered Level 1 of the Snake Pit
 21026 | Snake:1  | Reached skill level 14 in Ice Magic
 21110 | Snake:1  | Offered knowledge of Plasma Beam by Vehumet.
 21267 | Snake:1  | Found a runed translucent gate.
 21267 | Snake:1  | Found a runed translucent gate.
 21267 | Snake:1  | Found a runed translucent gate.
 21267 | Snake:1  | Noticed Bekk's ghost (journeyman DsCK)
 21606 | Snake:1  | Found Coepnuvy's General Store.
 21615 | Snake:1  | Reached skill level 15 in Ice Magic
 22125 | Snake:1  | Killed Bekk's ghost
 22758 | Snake:2  | Found a blossoming altar of Fedhas.
 22935 | Snake:2  | Reached ****** piety under Vehumet
 23133 | Snake:3  | Noticed a nagaraja
 23135 | Snake:3  | Killed a nagaraja
 23218 | Snake:3  | Offered knowledge of Irradiate by Vehumet.
 23325 | Snake:3  | Noticed a nagaraja
 23329 | Snake:3  | Killed a nagaraja
 23330 | Snake:3  | Gained mutation: Your magical and physical power is
                  | enhanced at high health. [demonic ancestry]
 23330 | Snake:3  | Reached XP level 16. HP: 99/129 MP: 32/32
 23402 | Snake:3  | Found Tisup's Weapon Shop.
 23402 | Snake:3  | Found Qafaulouli's Distillery.
 23406 | Snake:3  | Found Aprip's Antique Weapon Shop.
 23412 | Snake:3  | Bought a potion of curing for 60 gold pieces
 23412 | Snake:3  | Bought a potion of heal wounds for 100 gold pieces
 23450 | Snake:3  | Noticed Aizul
 23835 | Snake:4  | Entered Level 4 of the Snake Pit
 23835 | Snake:4  | Found a transporter.
 23886 | Snake:4  | Noticed Kirke
 23890 | Snake:4  | Killed Kirke
 24004 | Snake:4  | Noticed Sopaerr's ghost (journeyman MiBe)
 24022 | Snake:4  | Found a transporter.
 24248 | Snake:4  | Reached skill level 10 in Evocations
 24329 | Snake:4  | Offered knowledge of Eringya's Noxious Bog by Vehumet.
 24332 | Snake:4  | Noticed Vashnia
 24368 | Snake:4  | Killed Vashnia
 24422 | Snake:4  | Noticed Agnes
 24431 | Snake:4  | Killed Agnes
 24487 | Snake:4  | Reached skill level 15 in Spellcasting
 24591 | Snake:4  | Got a serpentine rune of Zot
 24762 | Snake:2  | Killed Aizul
 25195 | Shoals:1 | Entered Level 1 of the Shoals
 25197 | Shoals:1 | Reached XP level 17. HP: 135/135 MP: 36/36
 25235 | Shoals:1 | Reached skill level 16 in Ice Magic
 26166 | Shoals:3 | Found Bufoek's Assorted Antiques.
 26169 | Shoals:3 | Reached skill level 17 in Ice Magic
 26194 | Shoals:3 | Noticed Ilsuiw
 26201 | Shoals:3 | Killed Ilsuiw
 26336 | Shoals:3 | Found Cuukael's Distillery.
 26488 | Shoals:3 | Found Koicseek's General Store.
 26515 | Shoals:3 | Bought a scroll of teleportation for 60 gold pieces
 26617 | Shoals:4 | Entered Level 4 of the Shoals
 26749 | Shoals:4 | Offered knowledge of Chain Lightning by Vehumet.
 26749 | Shoals:4 | Offered knowledge of Polar Vortex by Vehumet.
 26749 | Shoals:4 | Offered knowledge of Ignition by Vehumet.
 26760 | Shoals:4 | Learned a level 9 spell: Polar Vortex
 26839 | Shoals:4 | Identified the +0 robe "Feikhleext" {rN+}
 26885 | Shoals:4 | Reached skill level 18 in Ice Magic
 26947 | Shoals:4 | Identified the +1 flail of Light {protect, Will+ Str-4
                  | SInv}
 26979 | Shoals:4 | Noticed a kraken
 26987 | Shoals:4 | Killed a kraken
 27144 | Shoals:4 | Found the ring of the Tortoise {AC+8}
 27391 | Shoals:4 | Got a barnacled rune of Zot
 28120 | Elf:1    | Identified the "Pempoffu"
 28120 | Elf:1    | Identified the "Vuotz"
 28120 | Elf:3    | Identified the of Gikhleth
 28120 | Elf:3    | Identified the "Tymues"
 28120 | Zot:3    | Identified the "Filistech"
 28120 | Slime:1  | Entered Level 1 of the Pits of Slime
 28150 | Slime:1  | Noticed an acid blob
 28153 | Slime:1  | Killed an acid blob
 28164 | Slime:1  | Noticed an acid blob
 28166 | Slime:1  | Noticed an acid blob
 28168 | Slime:1  | Reached skill level 19 in Ice Magic
 28168 | Slime:1  | Gained mutation: You are completely covered in molten
                  | scales. (AC +4, rF+) [demonic ancestry]
 28168 | Slime:1  | Reached XP level 18. HP: 142/142 MP: 32/38
 28680 | Slime:4  | Noticed Dissolution
 28713 | Slime:4  | Gained mutation: Your spells are a little easier to cast,
                  | but a little less powerful. [a shining eye]
 28715 | Slime:4  | Reached skill level 20 in Ice Magic
 28715 | Slime:4  | Killed Dissolution
 28731 | Slime:4  | Gained mutation: Armour fits poorly on your strangely
                  | shaped body. [a shining eye]
 28733 | Slime:4  | Lost mutation: Your spells are a little easier to cast, but
                  | a little less powerful. [potion of mutation]
 28733 | Slime:4  | Lost mutation: Armour fits poorly on your strangely shaped
                  | body. [potion of mutation]
 28733 | Slime:4  | Lost mutation: You are clumsy. (Dex -2) [potion of
                  | mutation]
 28733 | Slime:4  | Gained mutation: Your skin changes colour to match your
                  | surroundings (Stealth+). [potion of mutation]
 28733 | Slime:4  | Gained mutation: You have a pair of small horns on your
                  | head. [potion of mutation]
 28733 | Slime:4  | Gained mutation: You are weak. (Str -2) [potion of
                  | mutation]
 28794 | Slime:5  | Entered Level 5 of the Pits of Slime
 28797 | Slime:5  | Found a viscous altar of Jiyva.
 28944 | Slime:5  | Noticed the Royal Jelly
 28951 | Slime:5  | Killed the Royal Jelly
 28991 | Slime:5  | Got a slimy rune of Zot
 28993 | Slime:5  | Identified the +4 shortbow of Midsummer {heavy, Contam rF++
                  | SInv}
 29037 | Slime:5  | Identified the +5 shadow dragon scales of the Land of
                  | Plenty {rC+ Stlth++++}
 29087 | Slime:5  | Reached skill level 21 in Ice Magic
 29191 | Slime:5  | Identified the +0 scale mail of the Comet {+Inv rCorr
                  | Dex-3}
 29462 | Lair:4   | Learned a level 4 spell: Flame Wave
 29956 | Elf:1    | Entered Level 1 of the Elven Halls
 29993 | Elf:1    | Found a radiant altar of Vehumet.
 30056 | Elf:1    | Reached XP level 19. HP: 145/148 MP: 39/39
 30310 | Elf:1    | You fall into a shaft and drop 1 floor!
 30440 | Elf:2    | Reached skill level 15 in Armour
 30470 | Elf:2    | Learned a level 6 spell: Plasma Beam
 30632 | Elf:2    | Found a runed translucent gate.
 30632 | Elf:2    | Found a runed translucent gate.
 30632 | Elf:2    | Found a runed translucent gate.
 31205 | Elf:2    | Found Efotzir's Book Boutique.
 31207 | Elf:2    | Found Xopuomum's Jewellery Emporium.
 31208 | Elf:2    | Found Kepsy's Book Boutique.
 31224 | Elf:2    | Bought the ring of the Voivode {*Slow Str+2 Int+6 Slay+2
                  | SInv} for 1084 gold pieces
 31298 | Elf:3    | Entered Level 3 of the Elven Halls
 32549 | Elf:3    | Identified the ring of the Mpinguari {rPois rC+ rCorr
                  | Stlth+}
 32557 | Elf:3    | Noticed a Tzitzimitl
 32563 | Elf:3    | Identified the +2 plate armour of Least Resistance {Regen+
                  | Dex-4 SInv}
 32711 | Elf:3    | Identified the +3 flail of the Establishment {flame, *Noise
                  | Will- rCorr Dex+7}
 33575 | D:14     | Reached XP level 20. HP: 152/158 MP: 40/40
 34150 | D:15     | Entered Level 15 of the Dungeon
 34178 | D:15     | Found a staircase to the Depths.
 34228 | D:15     | Found a shadowy altar of Dithmenos.
 34524 | D:15     | Found a sparkling altar of Nemelex Xobeh.
 34577 | D:15     | Found Rush's Weapon Shoppe.
 34778 | Depths:1 | Entered Level 1 of the Depths
 35075 | Depths:1 | Found a gateway to Hell.
 35091 | Depths:1 | Found an ornate altar of the Wu Jian Council.
 35664 | Depths:1 | Found a one-way gateway to a ziggurat.
 35684 | Depths:1 | Identified the +1 pair of gloves of Qocotuho {Contam rN+++
                  | rCorr Slay+3}
 36389 | Depths:2 | Found Qugul's Overcharged Wands.
 36503 | Depths:2 | Noticed a juggernaut
 36507 | Depths:2 | Killed a juggernaut
 36572 | Depths:2 | Identified the +9 glaive of the Evil Eye {freeze, rF+ rC+}
 36621 | Depths:2 | HP: 4/161 [frost giant/the +9 glaive of the Evil Eye
                  | {freeze, rF+ rC+} (35)]
 37033 | Depths:2 | Found a one-way gate to the infinite horrors of the Abyss.
 37392 | D:13     | You paid a toll of a +7 demon trident to enter a treasure
                  | trove
 37393 | Trove    | Entered a treasure trove
 37398 | Trove    | Found the crystal ball of Wucad Mu {*channel}
 37400 | Trove    | Identified the ring of Goisy {Wiz Str+3}
 37402 | Trove    | Identified the +1 pair of boots "Oniepucs" {rC- rN+ rCorr}
 37421 | Trove    | Identified the ring "Xounao" {rPois rCorr Str+5}
 37429 | Trove    | Identified the +1 plate armour of Lilacs {Rampage SInv}
 37757 | Vaults:1 | Entered Level 1 of the Vaults
 37882 | Vaults:1 | Reached skill level 1 in Conjurations
 37953 | Vaults:1 | Paralysed by a formless jellyfish for 1 turns
 37958 | Vaults:1 | HP: 8/161 [titanic slime creature (36)]
 37988 | Vaults:1 | Shot with an arrow by a centaur warrior

Illustrated notes

Levels and vault maps discovered:
D:1:      onia_arrival_mini_spirals, layout_basic,
          chequers_serial_rivers_large_b, minmay_liquid_box, minmay_pentomino_u4
D:2:      layout_rooms, basic_altar, hex_intersection
D:3:      layout_basic, mainiacjoe_overflow_tiny_flanked
D:4:      layout_basic, mainiacjoe_overflow_brackets,
          minmay_temple_entry_purple_smoke, serial_shops, shop
D:5:      layout_loops_corners
D:6:      layout_loops_cross, nicolae_sif_muna_condensation, serial_shops, shop,
          nicolae_concentric_dashed_squares_wild, uniq_sigmund, uniq_edmund
D:7:      layout_basic, evilmike_ruin_ashenzari, lemuel_round_altar
D:8:      layout_loops_cross, nicolae_overflow_crystal_walls,
          david_lair_generic, enter_bailey_6
D:9:      layout_long_grid, orc_0_dummy
D:10:     layout_loops_ring, gammafunk_temple_overflow_claw, serial_shops, shop,
          dreamdust_princess_bridge, uniq_gastronok
D:11:     layout_long_grid, slow_altar_2
D:12:     old_forge, layout_basic, lemuel_old_faithful, uniq_psyche
D:13:     layout_irregular_city, nicolae_trove_entry_crystal,
          serial_co_window_serial, co_window_corner_a, co_window_corner_a,
          co_window_paths_a, co_window_paths_a, co_window_paths_b,
          co_window_of_opportunity_b, co_window_corner_ca, co_window_broadway_b,
          co_window_sun, co_window_paths_e, serial_shops, shop,
          nicolae_diode_basic
D:14:     layout_roguey, erik_vaults_2, dreamdust_mushroom_princess
D:15:     gammafunk_depths_entry_grave, layout_small_grid, serial_shops,
          nicolae_shop_tiny_statue_garden, nemelex_diamond_rough_becter,
          grunt_dithmenos_smoke_and_mirrors
Temple:   nicolae_temple_ecumenical_triangle
Lair:1:   layout_big_grid, infiniplex_staircase_pool_2, uniq_harold,
          uniq_amaemon
Lair:2:   layout_regular_city, minmay_shoals_entry_hut, minivault_25
Lair:3:   layout_long_grid, minmay_snake_entry_guardpost_small,
          grunt_forest_stairs_clearing, infiniplex_staircase_pool
Lair:4:   layout_regular_city, st_stairs_5, grunt_megastairs_2
Lair:5:   hangedman_lair_in_review, layout_hall_layers,
          guppyfry_lair_end_dragon, dpeg_slime_entry_enclosed
Shoals:1: layout_shoals, nicolae_shoals_sun_and_surf
Shoals:2: layout_shoals, nicolae_tricolors
Shoals:3: layout_shoals, serial_shops, nicolae_shop_hallway_stairs, shop,
          nicolae_shop_trees, uniq_ilsuiw
Shoals:4: shoals_end_grunt_ice, layout_shoals,
          nicolae_shoals_kraken_intersection
Snake:1:  layout_misc_corridors, serial_shops, nicolae_shop_statue_plus,
          gammafunk_ghost_split, grunt_ministairs_15,
          nicolae_snake_gridmaze_zigzag
Snake:2:  layout_onion_interference, basic_altar, nrook_loot_triangle,
          nicolae_elevator_lobby_plus
Snake:3:  layout_cave_shapes, grunt_ministairs_13, minmay_shop_star, uniq_aizul
Snake:4:  johnstein_snake_rune_scales, layout_onion_interference,
          gammafunk_ghost_berserking_beasts, uniq_vashnia, uniq_kirke,
          uniq_agnes
Slime:1:  layout_caves, cheibrodos_slime_lost_civilization_7
Slime:2:  layout_caves
Slime:3:  layout_caves
Slime:4:  layout_caves, dissolution_awaits
Slime:5:  slime_pit_nicolae_jellycorners
Orc:1:    layout_caves
Orc:2:    pubby_orc_utopia, serial_shops
Elf:1:    elf_arrival_001, layout_gridlike, serial_shops,
          nicolae_shop_hallway_stairs, basic_altar, minmay_elf_sorcery,
          solitary_fountain, amcnicky_mini_corridor_feature
Elf:2:    elven_hall_of_blades_hangedman_original
          [nicolae_vaults_blade_armed_guards], layout_rooms, minmay_shop_grove
Elf:3:    minmay_elf_hall_furrowed, layout_geoelf_octagon, serial_aquarium,
          aquarium_bridge_straight [aquarium_subvault_bridge,
          aquarium_subvault_balcony, aquarium_subvault_bridge,
          aquarium_subvault_window], aquarium_bridge_square
          [aquarium_subvault_wall, aquarium_subvault_bridge,
          aquarium_subvault_bridge, aquarium_subvault_wall],
          aquarium_window_fake, aquarium_window_corridor_1, aquarium_window_1,
          aquarium_view_2e, aquarium_view_2e
Vaults:1: v_misc_27, st_quartered_hall, vaults_standard_mumra_enter_the_diamond,
          nicolae_vaults_diamond_2, nicolae_vaults_trapezoid_layered, v_misc_16,
          hangedman_vaults_stagger, nicolae_vaults_alarming, v_misc_8,
          nicolae_vaults_twisting_passages, nicolae_vaults_hexular_roomagon,
          nicolae_vaults_storage_room_doors, hangedman_vaults_slice,
          nicolae_vaults_trapezoid_lopsided_3, nicolae_vaults_little_squares_5,
          nicolae_vaults_house_1, layout_vaults_omnicross, uniq_nikola,
          uniq_donald
Depths:1: layout_forbidden_donut, enter_ziggurat_d, minmay_misc_feat_encased,
          hell_entry, nzn_wu_jian_council_hall, serial_bayou_shore_b,
          kennysheep_random_hallway, grunt_megastairs_4
Depths:2: cheibrodos_salmonella, layout_honeycomb, nicolae_hexahallways,
          abyss_entry_crystal, hell_entry, rand_demon_pan_entry_4,
          nicolae_shop_overcharged_wands, infiniplex_staircase_spiral_double

Skill      XL: |  1  2  3  4  5  6  7  8  9 10 11 12 13 14 15 16 17 18 19 20 |
---------------+-------------------------------------------------------------+-----
Ice Magic      | 4 5 7 8 9 13 15 19 21 | 21.5
Fighting       | 3 4 5 6 8 10 12 14 | 14.8
Spellcasting   | 5 7 9 11 12 15 16 19 | 19.2
Armour         | 2 4 7 9 11 12 16 | 16.4
Evocations     | 5 8 10 | 10.0
Conjurations   | 2 |  2.9
Dodging        | |  1.8
Stealth        | |  1.8

Action                     |  1- 3 |  4- 6 |  7- 9 | 10-12 | 13-15 | 16-18 | 19-21 || total
---------------------------+-------+-------+-------+-------+-------+-------+-------++-------
  Melee: Dagger            |    37 |       |       |       |       |       |       ||    37
         Unarmed           |     6 |       |       |       |       |       |       ||     6
         Touch             |     7 |    10 |    10 |       |       |       |    13 ||    40
         Scimitar          |    20 |    75 |    78 |   313 |    59 |       |       ||   545
         Punch             |       |     1 |       |       |       |       |     3 ||     4
         Staff             |       |       |       |       |   154 |    36 |    83 ||   273
         Headbutt          |       |       |       |       |       |     1 |    29 ||    30
   Cast: Freeze            |    30 |    17 |    11 |    13 |     3 |       |       ||    74
         Frozen Ramparts   |       |     7 |    20 |    43 |    26 |     1 |       ||    97
         Freezing Cloud    |       |       |       |     1 |   164 |    29 |     6 ||   200
         Ozocubu's Refrige |       |       |       |       |   109 |   291 |   102 ||   502
         Polar Vortex      |       |       |       |       |       |    15 |    64 ||    79
         Flame Wave        |       |       |       |       |       |     2 |     9 ||    11
         Plasma Beam       |       |       |       |       |       |       |     9 ||     9
    Use: Scroll            |       |    11 |    14 |     9 |    16 |     4 |    12 ||    66
         Potion            |       |       |     1 |     2 |    12 |     4 |     3 ||    22
   Stab: Sleeping          |     6 |     3 |     3 |     2 |     1 |     1 |     1 ||    17
         Distracted        |       |       |       |     1 |       |     1 |       ||     2
 Armour: Robe              |    50 |    56 |   101 |    67 |   241 |   159 |   201 ||   875
         Storm dragon scal |       |       |       |    71 |       |       |       ||    71
         Ring mail         |       |       |       |   239 |    84 |       |       ||   323
  Dodge: Dodged            |    52 |    63 |    77 |   105 |   124 |    52 |   107 ||   580
         Repelled          |       |       |     1 |     2 |     7 |    11 |    13 ||    34
  Block: Kite shield       |       |       |    49 |   320 |   281 |    46 |       ||   696

Table legend: (Time is in decaauts)
 A = Elapsed time spent in this place.
 B = Non-inter-level travel time spent in this place.
 C = Inter-level travel time spent in this place.
 D = Time resting spent in this place.
 E = Time spent auto-exploring this place.
 F = Levels seen in this place.
 G = Mean time per level.
                   A        B        C        D        E       F      G
               +--------+--------+--------+--------+--------+-----+--------+
         Total |  40871 |  12203 |  28668 |      0 |     18 |  44 |  928.9 |
       Dungeon |  14772 |   2989 |  11783 |      0 |      0 |  15 |  984.8 |
        Temple |     21 |     12 |      9 |      0 |      0 |   1 |   21.0 |
          Lair |   7064 |   1986 |   5078 |      0 |      0 |   5 | 1412.8 |
        Shoals |   2729 |    630 |   2099 |      0 |     18 |   4 |  682.2 |
     Snake Pit |   3956 |   1366 |   2590 |      0 |      0 |   4 |  989.0 |
    Slime Pits |   1406 |    532 |    874 |      0 |      0 |   5 |  281.2 |
  Orcish Mines |   4113 |   2129 |   1984 |      0 |      0 |   2 | 2056.5 |
   Elven Halls |   3551 |   1291 |   2260 |      0 |      0 |   3 | 1183.7 |
        Vaults |    219 |     88 |    131 |      0 |      0 |   1 |  219.0 |
        Depths |   2327 |    471 |   1856 |      0 |      0 |   2 | 1163.5 |
         Trove |     64 |     64 |      0 |      0 |      0 |   1 |   64.0 |
        Bailey |    643 |    643 |      0 |      0 |      0 |   1 |  643.0 |
               +--------+--------+--------+--------+--------+-----+--------+

Top non-repeatable levels by time:
   Orc:2: 3558 daAuts
  Lair:5: 2865 daAuts
    D:13: 1804 daAuts
   Elf:3: 1580 daAuts
  Lair:3: 1316 daAuts
Depths:2: 1301 daAuts
     D:3: 1274 daAuts
 Snake:1: 1216 daAuts
    D:11: 1166 daAuts
    D:10: 1126 daAuts
  Lair:2: 1125 daAuts
    D:12: 1079 daAuts
   Elf:2: 1071 daAuts
 Snake:2: 1064 daAuts
  Lair:4: 1042 daAuts
